 Dungeon Crawl Stone Soup version 0.30-a0-777-ga9a30cbeda (webtiles) character file.

Game seed: 14415608511889133238

204 jimonade the Cudgeller (level 5, -8/53 HPs)
             Began as an Ogre Gladiator on Feb 14, 2023.
             Mangled by Pikel
             ... wielding a +0 whip of electrocution
              (11 damage)
             ... on level 4 of the Dungeon.
             The game lasted 00:06:27 (3480 turns).

jimonade the Cudgeller (Ogre Gladiator)             Turns: 3480, Time: 00:06:28

Health: -8/53      AC:  3    Str: 18    XL:     5   Next: 82%
Magic:  5/5        EV: 10    Int: 11    God:
Gold:   280        SH:  0    Dex: 10    Spells: 4/4 levels left

rFire   . . .      SeeInvis .    a - +0 flail
rCold   . . .      Faith    .    y - orb {light}
rNeg    . . .      Spirit   .    b - +0 robe
rPois   .          Reflect  .    c - +0 hat
rElec   .          Harm     .    (no cloak)
rCorr   .          Rampage  .    (gloves unavailable)
Will    +....                    (boots unavailable)
Stlth   +                        (no amulet)
HPRegen 0.28/turn                p - ring of willpower
MPRegen 0.09/turn                (no ring)

@: glowing
A: large, unfitting armour, tough skin 1
a: no special abilities


You were on level 4 of the Dungeon.
You visited 1 branch of the dungeon, and saw 4 of its levels.

You collected 280 gold pieces.

Inventory:

Hand Weapons
 a - a +0 flail (weapon)
 n - a +0 arbalest
Missiles
 d - 2 throwing nets
 e - 4 large rocks
 q - 2 javelins
 r - 17 poisoned darts (quivered)
 s - 45 stones
Armour
 b - a +0 robe (worn)
 c - a +0 hat (worn)
 m - an orb of energy
 y - an orb of light (worn)
 C - a +0 buckler
Jewellery
 p - a ring of willpower (left hand)
Wands
 v - a wand of digging (3)
Scrolls
 i - a scroll of magic mapping {unknown}
 l - a scroll of brand weapon {unknown}
 o - a scroll of amnesia {unknown}
 t - a scroll of torment
 w - a scroll of noise {unknown}
 x - 2 scrolls of poison {unknown}
 A - a scroll of teleportation {unknown}
 B - a scroll of enchant weapon {unknown}
 D - a scroll of butterflies {unknown}
 F - a scroll of identify
 G - a scroll of blinking {unknown}
Potions
 f - 2 potions of haste
 g - a potion of lignification {unknown}
 h - 5 potions of curing
 j - 6 potions of brilliance
 k - 2 potions of magic
 u - a potion of degeneration {unknown}
 z - a potion of mutation {unknown}
 E - 2 potions of heal wounds {unknown}


   Skills:
 + Level 3.4 Fighting
 * Level 4.8 Maces & Flails
 + Level 2.2 Throwing
 + Level 3.3 Dodging
 * Level 0.9 Hexes


You had 4 spell levels left.
You didn't know any spells.
Your spell library contained the following spells:

 Spells                   Type           Power      Damage    Failure   Level
 Slow                     Hex            8%         N/A       24%         1
 Confusing Touch          Hex            2%         N/A       58%         3
 Dazzling Flash           Conj/Hex       2%         N/A       65%         3
 Vampiric Draining        Necr           0%         2d6       71%         3
 Iskenderun's Mystic Bla  Conj/Tloc      0%         2d3       98%         4
 Starburst                Conj/Fire      0%         6d3       100%        6


Dungeon Overview and Level Annotations

Branches:
Dungeon (4/15)
 Temple: D:4-7

Altars:
Gozag
Qazlal
The Shining One

Shops:
D:2 [

Annotations:
D:3 1 runed translucent door, testman's ghost, amateur DsVM
D:4 Pikel


Innate Abilities, Weirdness & Mutations

You are too large for most types of armour.
You have tough skin. (AC +1)


Message History

Pikel and 2 lemures come into view.
Pikel is wielding a +0 whip of electrocution.
The lemure shouts! x2
Pikel cracks his whip.
There is an open door here.
There is an open door here.
There is an open door here.
There is an open door here.
There is an open door here.
Pikel waves his whip at you.
There is a shaft here.
You hit Pikel but do no damage. Pikel closely misses you.
You hit Pikel but do no damage. Pikel closely misses you.
You hit Pikel.
Pikel is lightly wounded.
Pikel hits you with a +0 whip of electrocution!
Pikel barely misses you.
You hit Pikel but do no damage.
Pikel is lightly wounded.
Pikel hits you with a +0 whip of electrocution!
You are electrocuted!
The lemure hits you.
You completely miss Pikel.
Pikel is lightly wounded.
Pikel hits you but does no damage. The lemure barely misses you.
You hit Pikel.
Pikel is lightly wounded.
Pikel hits you with a +0 whip of electrocution!
The lemure hits you.
* * * LOW HITPOINT WARNING * * *
You hit Pikel.
Pikel is moderately wounded.
Pikel hits you with a +0 whip of electrocution.
* * * LOW HITPOINT WARNING * * *
The lemure barely misses you.
You hit Pikel.
Pikel is heavily wounded.
Pikel hits you with a +0 whip of electrocution.
* * * LOW HITPOINT WARNING * * *
You are electrocuted!
You die...

..###'######.....5...#
...............5.....#
.........[...)...5...#
...............K.....#
....<................#
.........≈.^≈.^.§....#
........≈#^#≈..#.#≈..#
.........##≈.§.K#5...#
........^..^..≈#@#..<#
...>............^.§..#
#######......_....§..#
##^§.≈≈...≈≈...#
#.###...≈##...#
#≈^#≈..^##≈...#
#≈≈.....§##...#
##^^.≈.^^^....#
#####........#


You could see Pikel and a lemure.

Vanquished Creatures
  A lemure (D:3)
  A scorpion (D:4)
  2 iguanas (D:4)
  A gnoll (D:3)
  An adder (D:4)
  2 orcs (D:3)
  11 bats
  7 endoplasms
  2 giant cockroaches
  4 goblins
  10 hobgoblins
  2 jackals (D:3)
  8 kobolds
  6 quokkas
  8 ball pythons
  2 frilled lizards (D:1)
  4 rats
72 creatures vanquished.

Notes
Turn   | Place    | Note
-------+----------+-------------------------------------------
     0 | D:1      | jimonade the Ogre Gladiator began the quest for the Orb.
     0 | D:1      | Reached XP level 1. HP: 22/22 MP: 1/1
    79 | D:1      | Reached skill level 3 in Maces & Flails
    79 | D:1      | Reached XP level 2. HP: 23/29 MP: 2/2
   339 | D:1      | Reached XP level 3. HP: 36/36 MP: 3/3
   905 | D:2      | Found a glowing golden altar of the Shining One.
  1326 | D:2      | Found Umaicsou's Antique Armour Shoppe.
  1741 | D:3      | Noticed testman's ghost (amateur DsVM)
  1768 | D:3      | Reached XP level 4. HP: 43/45 MP: 4/4
  1779 | D:3      | Found a runed translucent door.
  2571 | D:4      | Found a stormy altar of Qazlal.
  2617 | D:3      | Reached skill level 4 in Maces & Flails
  2672 | D:4      | Noticed a scorpion
  2680 | D:4      | Killed a scorpion
  2681 | D:4      | Reached XP level 5. HP: 53/53 MP: 5/5
  2707 | D:4      | Found an opulent altar of Gozag.
  3187 | D:4      | Found a glowing golden altar of the Shining One.
  3275 | D:4      | Noticed a lemure
  3275 | D:4      | Noticed a lemure
  3335 | D:3      | Killed a lemure
  3433 | D:4      | Noticed Pikel
  3433 | D:4      | Noticed a lemure
  3433 | D:4      | Noticed a lemure
  3480 | D:4      | Mangled by Pikel

Illustrated notes

Levels and vault maps discovered:
D:1:      roderic_chinese_lattice_arrival, layout_basic, st_stairs_10
D:2:      wad_pebble_path, layout_basic, basic_altar, serial_shops,
          nicolae_shop_waterfront
D:3:      layout_loops_ring, hellmonk_ghost_happy_afterlife
D:4:      layout_gridville, grunt_qazlal_sundering,
          mainiacjoe_overflow_24_doors, mainiacjoe_overflow_alcove_1, uniq_pikel

Skill      XL: |  1  2  3  4 |
---------------+-------------+-----
Maces & Flails | 3 4 |  4.8
Dodging        | 3 |  3.3
Fighting       | 3 |  3.4
Throwing       | |  2.2
Hexes          | |  0.9

Action                     |  1- 3 |  4- 6 || total
---------------------------+-------+-------++-------
  Melee: Flail             |   119 |    93 ||   212
         Punch             |     1 |       ||     1
  Throw: Throwing net      |     1 |     1 ||     2
         Stone             |     1 |       ||     1
         Dart              |       |     5 ||     5
    Use: Scroll            |       |     5 ||     5
   Stab: Sleeping          |     1 |     1 ||     2
 Armour: Robe              |    43 |    25 ||    68
  Dodge: Dodged            |    74 |    57 ||   131

Table legend: (Time is in decaauts)
 A = Elapsed time spent in this place.
 B = Non-inter-level travel time spent in this place.
 C = Inter-level travel time spent in this place.
 D = Time resting spent in this place.
 E = Time spent auto-exploring this place.
 F = Levels seen in this place.
 G = Mean time per level.
                   A        B        C        D        E       F      G
               +--------+--------+--------+--------+--------+-----+--------+
         Total |   3527 |   3322 |    205 |      0 |   2583 |   4 |  881.8 |
       Dungeon |   3527 |   3322 |    205 |      0 |   2583 |   4 |  881.8 |
               +--------+--------+--------+--------+--------+-----+--------+

Top non-repeatable levels by time:
     D:3: 1072 daAuts
     D:4: 931 daAuts
     D:1: 913 daAuts
     D:2: 609 daAuts
